 Dungeon Crawl Stone Soup version 0.29-a0-577-gafbf2c5d25 (webtiles) character file.

Game seed: 1217421573278069380

970 xian the Conjurer (level 7, -4/52 HPs)
             Began as a Minotaur Conjurer on June 13, 2022.
             Was an Initiate of Gozag.
             Slain by Duvessa
             ... wielding a +0 short sword
              (12 damage)
             ... on level 5 of the Dungeon.
             The game lasted 00:12:12 (5703 turns).

xian the Conjurer (Minotaur Conjurer)               Turns: 5703, Time: 00:12:13

Health: -4/52      AC:  3    Str: 11    XL:     7   Next: 94%
Magic:  10/20      EV: 12    Int: 17    God:    Gozag
Gold:   696        SH:  0    Dex:  9    Spells: 9/13 levels left

rFire   + . .      SeeInvis +   u - +6 whip "Lanixt Uwumm" {flame, *Noise rElec rPois Stlth-}
rCold   . . .      Faith    .   (no shield)
rNeg    . . .      Spirit   .   a - +0 robe
rPois   +          Reflect  .   (helmet restricted)
rElec   +          Harm     .   (no cloak)
rCorr   .          Rampage  .   p - +0 pair of gloves
Will    .....                   (no boots)
Stlth   +.........              (no amulet)
HPRegen 0.17/turn               t - ring of the Magpie {rPois rF+ Slay+2 SInv}
MPRegen 0.17/turn               q - ring of magical power

@: gold aura
A: horns 2, retaliatory headbutt
a: Renounce Religion, Potion Petition, Call Merchant, Bribe Branch


You were on level 5 of the Dungeon.
You worshipped Gozag.
Gozag was pleased with you.
You visited 1 branch of the dungeon, and saw 5 of its levels.

You collected 1101 gold pieces.
You spent 349 gold pieces at shops.
You paid 56 gold pieces to Gozag.

Inventory:

Hand Weapons
 u - the +6 whip "Lanixt Uwumm" (weapon) {flame, *Noise rElec rPois Stlth-}
   (You bought it in a shop on level 4 of the Dungeon)

   It burns those it strikes, dealing additional fire damage.
   rElec:     It insulates you from electricity.
   rPois:     It protects you from poison.
   *Noise:    It may make noises in combat.
   Stlth:     It makes you less stealthy.
Missiles
 k - 14 poisoned darts
Armour
 a - a +0 robe (worn)
 j - a +0 tower shield
 p - a +0 pair of gloves (worn)
Jewellery
 f - a ring of protection from cold
 q - a ring of magical power (right hand)
 t - the ring of the Magpie (left hand) {rPois rF+ Slay+2 SInv}
   (You bought it in a shop on level 4 of the Dungeon)

   [ring of poison resistance]

   Slay:      It affects your accuracy & damage with ranged weapons and melee
   (+2).
   rF:        It protects you from fire.
   rPois:     It protects you from poison.
   SInv:      It lets you see invisible.
Wands
 v - a wand of paralysis (7)
Scrolls
 c - 5 scrolls of teleportation
 e - a scroll of amnesia {unknown}
 r - a scroll of magic mapping
Potions
 b - a potion of magic
 d - 2 potions of resistance {unknown}
 g - 2 potions of flight {unknown}
 h - a potion of attraction {unknown}
 i - 2 potions of ambrosia {unknown}
 l - a potion of cancellation
 m - a potion of curing
 n - a potion of heal wounds {unknown}
 o - 2 potions of invisibility {unknown}
 s - a potion of berserk rage {unknown}


   Skills:
 + Level 1.5 Fighting
 + Level 1.2 Short Blades
 + Level 1.6 Maces & Flails
 + Level 4.0 Dodging
 + Level 3.0 Stealth
 + Level 0.8 Unarmed Combat
 + Level 3.7 Spellcasting
 + Level 5.1 Conjurations


You had 9 spell levels left.
You knew the following spells:

 Your Spells              Type           Power      Damage    Failure   Level
a - Magic Dart            Conj           80%        1d7       1%          1
b - Searing Ray           Conj           40%        2d5       3%          2
c - Slow                  Hex            12%        N/A       16%         1

Your spell library contained the following spells:

 Spells                   Type           Power      Damage    Failure   Level
 Dazzling Flash           Conj/Hex       22%        N/A       17%         3
 Confusing Touch          Hex            3%         N/A       43%         3
 Ozocubu's Armour         Ice            3%         N/A       43%         3
 Vampiric Draining        Necr           3%         2d6       43%         3
 Fulminant Prism          Conj/Hex       5%         3d7       50%         4
 Iskenderun's Mystic Bla  Conj/Tloc      11%        2d4       50%         4
 Summon Lightning Spire   Summ/Air       3%         N/A       85%         4
 Metabolic Englaciation   Hex/Ice        1%         N/A       99%         5
 Storm Form               Tmut/Air       1%         N/A       100%        7
 Maxwell's Capacitive Co  Air            1%         ∞         100%        8
 Simulacrum               Ice/Necr       Unusable   N/A       N/A         6

Dungeon Overview and Level Annotations

Branches:
Dungeon (5/15)             Temple (0/1) D:4

Altars:
Gozag

Shops:
D:2 (   D:4 *

Annotations:
D:5 Duvessa


Innate Abilities, Weirdness & Mutations

You have a pair of horns on your head.
You reflexively headbutt those who attack you in melee.


Message History

Press: ? - help, Shift-Dir - straight line, f - Dowan, p - Duvessa
Aim: Dowan, wielding a +2 dagger of holy wrath and wearing a +0 robe (almost dead, 69% to hit)
The searing ray hits Dowan!
You kill Dowan!
Duvessa weeps, and shakes her weapon.
Duvessa goes berserk! (Press . to maintain the ray.) Duvessa closely misses you.
Duvessa hits you with a +0 short sword.
Casting: Searing Ray (safe; 3% risk of failure)
Confirm with . or Enter, or press ? or * to list all spells.
Restarting spell: Searing Ray (safe; 3% risk of failure)
Press: ? - help, Shift-Dir - straight line, f - gnoll
Aim: a gnoll, wielding a +0 club (81% to hit)
The searing ray hits Duvessa but does no damage.
Duvessa is moderately wounded.
The searing ray hits the gnoll.
The gnoll is moderately wounded.
The searing ray misses the gnoll. (Press . to maintain the ray.) Duvessa hits you with a +0 short sword!
The gnoll hits you from afar with a +0 halberd.
The searing ray hits Duvessa.
Duvessa is moderately wounded.
The searing ray hits the gnoll!
You kill the gnoll!
The searing ray hits the gnoll.
The gnoll is moderately wounded.
Duvessa hits you with a +0 short sword!
* * * LOW HITPOINT WARNING * * *
Duvessa hits you with a +0 short sword.
* * * LOW HITPOINT WARNING * * *
Your Dodging skill increases to level 4!
The searing ray hits Duvessa.
Duvessa is moderately wounded.
The searing ray misses the gnoll.
Duvessa hits you with a +0 short sword!
* * * LOW HITPOINT WARNING * * *
A gnoll comes into view. It is wielding a +0 whip.
You feel better. Duvessa hits you with a +0 short sword!
You die...
Your body crumbles into a pile of gold.

#.# ## ## #.##. #.##
##... ########.##
##.###
#.).......###.##
#.#######..#.##### #.#
#..<..........
#.###$###.###.........
#..ge@..$..<..#.######
.....##.#######.#.#
##g# #.#######.#.# #
#.......<.#.######
#.#######..#...... #.#
###.###### #.# #.# #.#
#.###### #.......


You could see Duvessa (berserk) and 2 gnolls.

Vanquished Creatures
  Pikel (D:4)
  A centaur (D:5)
  Blork the orc (D:5)
  A necrophage (D:4)
  A scorpion (D:4)
  Dowan (D:5)
  A howler monkey (D:4)
  2 iguanas
  2 gnolls (D:5)
  6 adders
  A worm (D:4)
  A dart slug (D:1)
  2 orcs
  11 ball pythons
  2 bats (D:1)
  12 endoplasms
  8 giant cockroaches
  6 hobgoblins
  2 quokkas
  6 frilled lizards
  3 goblins
  3 kobolds (D:1)
  3 rats
77 creatures vanquished.

Notes
Turn   | Place    | Note
-------+----------+-------------------------------------------
     0 | D:1      | xian the Minotaur Conjurer began the quest for the Orb.
     0 | D:1      | Reached XP level 1. HP: 14/14 MP: 1/1
    27 | D:1      | Reached skill level 3 in Conjurations
   344 | D:1      | Found a faded altar of an unknown god.
   353 | D:1      | Reached XP level 2. HP: 20/20 MP: 0/3
  1517 | D:2      | Reached XP level 3. HP: 26/26 MP: 2/4
  1855 | D:2      | Found Alidur's Weapon Boutique.
  2705 | D:2      | Learned a level 2 spell: Searing Ray
  2808 | D:3      | Reached XP level 4. HP: 33/33 MP: 3/5
  3810 | D:3      | Found an opulent altar of Gozag.
  3921 | D:3      | Became a worshipper of Gozag Ym Sagoz the Greedy
  3988 | D:4      | Found a staircase to the Ecumenical Temple.
  3988 | D:4      | Noticed a scorpion
  3995 | D:4      | Killed a scorpion
  3996 | D:4      | Reached skill level 1 in Short Blades
  3996 | D:4      | Reached XP level 5. HP: 31/38 MP: 5/7
  4007 | D:4      | Identified a scroll of acquirement
  4007 | D:4      | Acquired 687 gold pieces
  4099 | D:4      | Reached skill level 4 in Conjurations
  4223 | D:4      | Found Afasiwua's Assorted Antiques.
  4271 | D:4      | Bought a flickering tin ring for 95 gold pieces
  4271 | D:4      | Identified the ring of the Magpie {rPois rF+ Slay+2 SInv}
                  | (You bought it in a shop on level 4 of the Dungeon)
  4271 | D:4      | Bought a blue potion for 17 gold pieces
  4273 | D:4      | Bought a bloodstained whip for 142 gold pieces
  4273 | D:4      | Identified the +6 whip "Lanixt Uwumm" {flame, *Noise rElec
                  | rPois Stlth-} (You bought it in a shop on level 4 of the
                  | Dungeon)
  4273 | D:4      | Bought a bronze wand for 76 gold pieces
  4273 | D:4      | Bought a scroll labelled GEIG EHEFA for 19 gold pieces
  4314 | D:4      | Reached XP level 6. HP: 22/46 MP: 8/8
  4837 | D:5      | Entered Level 5 of the Dungeon
  4837 | D:5      | Noticed Pikel
  4853 | D:4      | Killed Pikel
  4854 | D:4      | Reached skill level 1 in Fighting
  4854 | D:4      | Reached skill level 1 in Maces & Flails
  4854 | D:4      | Reached XP level 7. HP: 27/52 MP: 2/11
  5186 | D:5      | Learned a level 1 spell: Slow
  5374 | D:5      | Reached skill level 5 in Conjurations
  5608 | D:5      | Noticed Blork the orc
  5615 | D:5      | Killed Blork the orc
  5692 | D:5      | Noticed Duvessa
  5692 | D:5      | Noticed Dowan
  5699 | D:5      | Killed Dowan
  5703 | D:5      | Slain by Duvessa

Illustrated notes

Levels and vault maps discovered:
D:1:      lordsloth_arrival_two_stooges, layout_basic,
          ebering_ecumenical_altar_webs, st_stairs_11
D:2:      layout_basic, serial_shops, shop, st_stairs_12
D:3:      layout_loops_corners, lemuel_tele_altar
D:4:      layout_basic, minmay_temple_entry_offerings, serial_shops,
          nicolae_shop_temple_entry_statues_fountains
D:5:      layout_loops_ring, grunt_ministairs_12, uniq_duvessa,
          uniq_blork_the_orc, uniq_pikel

Skill      XL: |  1  2  3  4  5  6  7 |
---------------+----------------------+-----
Conjurations   | 3 4 5 |  5.1
Short Blades   | 1 |  1.2
Stealth        | 2 3 |  3.0
Spellcasting   | 2 3 |  3.7
Fighting       | 1 |  1.5
Maces & Flails | 1 |  1.6
Dodging        | 3 4 |  4.0
Unarmed Combat | |  0.8

Action                   |  1- 3 |  4- 6 |  7- 9 || total
-------------------------+-------+-------+-------++-------
Melee: Unarmed           |    13 |       |       ||    13
       Short sword       |    34 |     5 |       ||    39
       Headbutt          |     8 |     2 |       ||    10
       Punch             |     1 |       |       ||     1
       Whip              |       |     8 |       ||     8
 Cast: Magic Dart        |    72 |    37 |    11 ||   120
       Searing Ray       |       |     9 |     7 ||    16
  Use: Scroll            |     3 |     5 |       ||     8
       Potion            |       |     1 |     2 ||     3
Armor: Robe              |     9 |     3 |     4 ||    16
       Skin              |       |    32 |       ||    32
Dodge: Dodged            |    35 |     9 |    12 ||    56

Table legend: (Time is in decaauts)
 A = Elapsed time spent in this place.
 B = Non-inter-level travel time spent in this place.
 C = Inter-level travel time spent in this place.
 D = Time resting spent in this place.
 E = Time spent auto-exploring this place.
 F = Levels seen in this place.
 G = Mean time per level.
                   A        B        C        D        E       F      G
               +--------+--------+--------+--------+--------+-----+--------+
         Total |   5704 |   5613 |     91 |    496 |   4472 |   5 | 1140.8 |
       Dungeon |   5704 |   5613 |     91 |    496 |   4472 |   5 | 1140.8 |
               +--------+--------+--------+--------+--------+-----+--------+

Top non-repeatable levels by time:
     D:1: 1516 daAuts
     D:3: 1243 daAuts
     D:2: 1191 daAuts
     D:4: 1105 daAuts
     D:5: 647 daAuts
